 Dungeon Sprint DCSS version 0.21.1-1-g345015f (webtiles) character file.

1719 sanboga the Cleaver (level 9, 0/64 HPs)
             Began as a Gargoyle Berserker on May 4, 2018.
             Was a Priest of Trog.
             Slain by a hornet (7 damage)
             ... in the Dungeon (Sprint II: "The Violet Keep of Menkaure").
             The game lasted 00:03:27 (935 turns).

sanboga the Cleaver (Gargoyle Berserker)             Turns: 935, Time: 00:03:28

Health: 0/64       AC: 23    Str: 23    XL:     9   Next: 4%
Magic:  9/9        EV:  8    Int:  9    God:    Trog [***...]
Gold:   1          SH:  0    Dex:  9    Spells: 8/8 levels left

rFire    . . .     SeeInvis .   a - +0 hand axe
rCold    . . .     Gourm    .   (no shield)
rNeg     + . .     Faith    .   k - +0 plate armour
rPois    ∞         Spirit   .   l - +1 helmet of Xaiq {rCorr}
rElec    +         Reflect  .   (no cloak)
rCorr    +         Harm     .   (no gloves)
MR       ++...     NoTele   +   (no boots)
Stlth    ..........             (no amulet)
HPRegen  1.20/turn              (no ring)
MPRegen  0.11/turn              (no ring)

@: berserk cooldown, regenerating, hasted and slowed
A: negative energy resistance 1, electricity resistance, unbreathing,
petrification resistance, rot immunity, AC +6
a: Berserk, Trog's Hand, Burn Spellbooks, Renounce Religion


You were in the Dungeon.
You worshipped Trog.
Trog was most pleased with you.
You were not hungry.

You visited 1 branch You collected 972 gold pieces.
You spent 971 gold pieces at shops.

Inventory:

Hand Weapons
 a - a +0 hand axe (weapon)
Armour
 k - a +0 plate armour (worn)
 l - the +1 helmet of Xaiq (worn) {rCorr}
   (You bought it in a shop in the Dungeon)

   It protects you from acid and corrosion.
Scrolls
 i - a scroll of blinking
Potions
 d - 2 potions of curing
 g - 2 potions of magic
 h - a potion of berserk rage


   Skills:
 + Level 11.2 Fighting
 * Level 12.7 Axes
 + Level 10.9 Armour
 - Level 1.5 Dodging


You had 8 spell levels left.
You didn't know any spells.

Dungeon Overview and Level Annotations

Branches:
Dungeon (1/1)

Altars:
Cheibriados
Dithmenos
Elyvilon
Fedhas
Gozag
Kikubaaqudgha
Makhleb
Nemelex Xobeh
Okawaru
Sif Muna
Trog
Uskayaw
Vehumet
Xom
Yredelemnul
Zin
Jiyva
Lugonu

Shops:
D =:!=%?!=[(}:?[(?

Annotations:
D exclusions: obsidian statue and oklob plant


Innate Abilities, Weirdness & Mutations

You are resistant to torment.
Your stone body is resilient. (AC +6)
You are immune to poison.
You resist negative energy. (rN+)
You are resistant to electric shocks. (rElec)
You can survive without breathing.
You are immune to petrification.
You are immune to rotting.


Message History

Your ogre seems to slow down.
Your ogre barely misses the hornet.
The hornet barely misses your ogre. The hornet stings your ogre!
Your ogre dies!
Your ogre's corpse disappears in a puff of smoke!
You're too hungry.
Okay, then.
Drop what? 8/52 slots (_ for help) (? for menu, Esc to quit)
Okay, then.
You eat the ration.
That ration really hit the spot!
You fail to use your ability.
The hornet barely misses you.
Your ogre goes berserk!
You feel somewhat more hungry.
You can no longer call in reinforcements.
The hornet stings you but does no damage. x2
Your skin crawls.
You feel resistant to hostile enchantments.
You feel somewhat more hungry. The hornet stings you!
You die...

. .. ##+## #. #.#.## +.###
.###.# ...# ...####
#.#.####..## #..##$#
##'###.##..# +..#..#
##.##..##..# #..#.)#
'.<.'##.+..####..##†#
##.##†.##....###@y.##▓▓▓
##÷###.##.....O≈≈h≈≈≈≈≈≈≈≈
#...####≈≈..§..≈#+########
..#..#≈≈≈≈≈§≈..≈#_._.....#
#.#.##≈≈≈≈≈≈§§§≈#._._....#
##+##≈≈≈≈≈§§§≈≈≈#_._._...#
≈≈≈≈≈≈≈≈≈§≈≈≈≈≈≈#._._._..#
++#+++#≈≈≈≈≈≈≈§≈#_._._._.#
≈§§≈§ ##§≈≈###§§#._._._


You could see a polar bear, a hornet and a friendly ogre (berserk).

Vanquished Creatures
  A yaktaur (D)
  2 polar bears (D)
  A blink frog (D)
  2 hippogriffs (D)
  4 necrophages (D)
  A crocodile (D)
  4 worker ants (D)
  3 worms (D)
18 creatures vanquished.

Vanquished Creatures (others)
  Menkaure (D)
  A crocodile (D)
2 creatures vanquished.

Grand Total: 20 creatures vanquished

Notes
Turn   | Place    | Note
-------+----------+-------------------------------------------
     0 | D        | sanboga the Gargoyle Berserker began the quest for the Orb.
     0 | D        | Reached XP level 1. HP: 14/14 MP: 1/1
     5 | D        | Reached skill level 3 in Axes
     6 | D        | Reached XP level 2. HP: 20/20 MP: 2/2
    36 | D        | Found Pyiroz's Antique Armour Emporium.
    36 | D        | Found Gyipyrch's Magic Scroll Emporium.
    36 | D        | Found Nasiobu's Antique Weapon Shoppe.
    36 | D        | Found Givilim's Magic Scroll Shoppe.
    36 | D        | Found Abbengoh's Weapon Shoppe.
    36 | D        | Found Saoth's Antique Armour Emporium.
    36 | D        | Found Rili's Book Emporium.
    36 | D        | Found Efeecuply's Jewellery Shoppe.
    44 | D        | Reached ** piety under Trog
    82 | D        | Killed Menkaure
   198 | D        | Noticed a crocodile
   303 | D        | Noticed a hippogriff
   303 | D        | Noticed a hippogriff
   307 | D        | Noticed a necrophage
   307 | D        | Noticed a necrophage
   307 | D        | Noticed a necrophage
   307 | D        | Noticed a necrophage
   311 | D        | Killed a necrophage
   311 | D        | Reached skill level 5 in Fighting
   311 | D        | Reached skill level 6 in Axes
   311 | D        | Reached skill level 5 in Armour
   311 | D        | Reached XP level 3. HP: 27/27 MP: 3/3
   311 | D        | Reached XP level 4. HP: 32/32 MP: 4/4
   316 | D        | Killed a necrophage
   316 | D        | Reached skill level 7 in Axes
   316 | D        | Reached XP level 5. HP: 37/37 MP: 5/5
   322 | D        | Killed a necrophage
   322 | D        | Reached skill level 8 in Axes
   322 | D        | Reached XP level 6. HP: 44/44 MP: 6/6
   326 | D        | Killed a necrophage
   326 | D        | Reached *** piety under Trog
   326 | D        | Reached skill level 9 in Axes
   365 | D        | Killed a hippogriff
   365 | D        | Reached skill level 10 in Axes
   365 | D        | Reached XP level 7. HP: 50/50 MP: 7/7
   369 | D        | Killed a hippogriff
   462 | D        | Reached **** piety under Trog
   462 | D        | Reached skill level 11 in Axes
   588 | D        | Found Teahuh's Distillery.
   588 | D        | Found Yniguph's Magic Scroll Shoppe.
   588 | D        | Found Simyhaorr's Food Shoppe.
   588 | D        | Noticed a soldier ant
   589 | D        | Found Pirghouky's Gadget Emporium.
   589 | D        | Noticed a soldier ant
   590 | D        | Found Fabbotin's Jewellery Shoppe.
   590 | D        | Found Aratunef's Distillery.
   590 | D        | Noticed a soldier ant
   590 | D        | Noticed an oklob plant
   591 | D        | Found Yfito's Jewellery Shoppe.
   591 | D        | Found Delyny Ehen's Book Shoppe.
   593 | D        | Noticed a polar bear
   594 | D        | Noticed a polar bear
   605 | D        | Bought a plate armour for 667 gold pieces
   609 | D        | Bought a spiked helmet for 304 gold pieces
   614 | D        | Identified the +1 helmet of Xaiq {rCorr} (You bought it in a shop in the Dungeon)
   652 | D        | Reached XP level 8. HP: 46/57 MP: 8/8
   716 | D        | Noticed a blink frog
   770 | D        | Killed a blink frog
   770 | D        | Reached skill level 10 in Fighting
   770 | D        | Reached skill level 10 in Armour
   855 | D        | Noticed an obsidian statue
   868 | D        | Found an iron altar of Okawaru.
   868 | D        | Found a radiant altar of Vehumet.
   868 | D        | Found a glowing silver altar of Zin.
   869 | D        | Found a sparkling altar of Nemelex Xobeh.
   869 | D        | Found a hide-covered altar of Uskayaw.
   869 | D        | Found a basalt altar of Yredelemnul.
   870 | D        | Found an opulent altar of Gozag.
   870 | D        | Found a burning altar of Makhleb.
   870 | D        | Found a bloodstained altar of Trog.
   870 | D        | Found a shimmering altar of Xom.
   871 | D        | Found a blossoming altar of Fedhas.
   871 | D        | Found a corrupted altar of Lugonu.
   871 | D        | Found a deep blue altar of Sif Muna.
   873 | D        | Found a white marble altar of Elyvilon.
   873 | D        | Found an ancient bone altar of Kikubaaqudgha.
   874 | D        | Found a shadowy altar of Dithmenos.
   874 | D        | Found a viscous altar of Jiyva.
   875 | D        | Found a snail-covered altar of Cheibriados.
   877 | D        | Noticed a yaktaur
   877 | D        | Noticed a hornet
   877 | D        | Noticed a polar bear
   878 | D        | Noticed a polar bear
   886 | D        | Killed a polar bear
   886 | D        | Reached ***** piety under Trog
   886 | D        | Reached skill level 12 in Axes
   888 | D        | Noticed a polar bear
   895 | D        | Killed a polar bear
   903 | D        | Killed a yaktaur
   903 | D        | Reached XP level 9. HP: 56/64 MP: 9/9
   935 | D        | Slain by a hornet

Skill      XL: |  1  2  3  4  5  6  7  8 |
---------------+-------------------------+-----
Axes           | 3 6 7 8 10 11 12 | 12.7
Armour         | 3 5 6 7 8 9 10 | 10.9
Fighting       | 5 6 7 8 9 11 | 11.2
Dodging        | |  1.5

Action                   |  1- 3 |  4- 6 |  7- 9 || total
-------------------------+-------+-------+-------++-------
Melee: Hand axe          |    13 |    23 |    97 ||   133
Invok: Berserk           |     2 |     1 |     1 ||     4
       Brothers in Arms  |       |       |     3 ||     3
       Trog's Hand       |       |       |     1 ||     1
  Use: Potion            |       |       |     2 ||     2
  Eat: Chunk             |       |       |     2 ||     2
       Ration            |       |       |     1 ||     1
Armor: Animal skin       |     2 |     4 |    10 ||    16
       Plate armour      |       |       |    74 ||    74
Dodge: Dodged            |     4 |    10 |    47 ||    61
